 Dungeon Crawl Stone Soup version 0.28-a0-1447-ga5a8893891 (webtiles) character file.

Game seed: 6576805958413461080

389 hashsling the Chiller (level 6, -1/48 HPs)
             Began as a Merfolk Ice Elementalist on Jan 11, 2022.
             Was an Initiate of Vehumet.
             Slain by a water moccasin zombie (3 damage)
             ... on level 4 of the Dungeon.
             The game lasted 00:21:25 (3505 turns).

hashsling the Chiller (Merfolk Ice Elementalist)    Turns: 3505, Time: 00:21:25

Health: -1/48      AC:  9    Str:  9    XL:     6   Next: 79%
Magic:  6/9        EV: 13    Int: 16    God:    Vehumet [......]
Gold:   184        SH:  0    Dex: 14    Spells: 2/9 levels left

rFire   x . .      SeeInvis .   r - +3 whip (venom)
rCold   + . .      Faith    .   (no shield)
rNeg    . . .      Spirit   .   o - +0 robe
rPois   .          Reflect  .   (no helmet)
rElec   .          Harm     .   (no cloak)
rCorr   .          Rampage  .   (no gloves)
Will    .....                   (no boots)
Stlth   ++........              (no amulet)
HPRegen 0.16/turn               h - ring of ice
MPRegen 0.11/turn               (no ring)

@: ice-armoured
A: (nimble swimmer 2), mertail
a: Renounce Religion


You were on level 4 of the Dungeon.
You worshipped Vehumet.
Vehumet was noncommittal.
You visited 2 branches of the dungeon, and saw 5 of its levels.

You collected 184 gold pieces.

Inventory:

Hand Weapons
 r - a +3 whip of venom (weapon)
Missiles
 b - 61 poisoned darts (quivered)
 d - 34 sling bullets
Armour
 o - a +0 robe (worn)
Jewellery
 h - a ring of ice (left hand)
Wands
 n - a wand of digging (6)
Scrolls
 e - a scroll of noise {unknown}
 f - a scroll of teleportation {unknown}
 g - a scroll of vulnerability {unknown}
 j - a scroll of silence {unknown}
 m - 2 scrolls of fear {unknown}
Potions
 c - a potion of attraction {unknown}
 i - 2 potions of curing {unknown}
 k - a potion of heal wounds {unknown}
 l - 3 potions of might {unknown}
 p - a potion of cancellation {unknown}
 q - 2 potions of berserk rage {unknown}


   Skills:
 - Level 4.0 Fighting
 - Level 4.0 Dodging
 - Level 2.1 Stealth
 - Level 2.0 Spellcasting
 * Level 7.0 Ice Magic


You had 2 spell levels left.
You knew the following spells:

 Your Spells              Type           Power      Damage    Failure   Level
a - Freeze                Ice            100%       1d11      1%          1
b - Ozocubu's Armour      Ice            36%        N/A       3%          3
c - Frozen Ramparts       Ice            72%        1d9       3%          3

Your spell library contained the following spells:

 Spells                   Type           Power      Damage    Failure   Level
 Shock                    Conj/Air       4%         1d3       21%         1
 Hailstorm                Conj/Ice       19%        3d6       43%         4
 Swiftness                Air            1%         N/A       52%         3
 Airstrike                Air            0%         N/A       90%         4


Dungeon Overview and Level Annotations

Branches:
Dungeon (4/15)             Temple (1/1) D:4

Altars:
Ashenzari
Cheibriados
Dithmenos
Elyvilon
Fedhas
Hepliaklqana
Kikubaaqudgha
Qazlal
Uskayaw
Vehumet
Xom
Yredelemnul
Zin

Portals:
Abyss: D:3

Annotations:
D:3 2 transporters, ytrimaz's ghost, amateur OpTm
D:4 Natasha


Innate Abilities, Weirdness & Mutations

((You are very nimble when in or above water. (Stealth+, EV+, Speed+++)))
Your lower body shifts to a powerful aquatic tail in water.


Message History

The water moccasin zombie bites you.
* * * LOW HITPOINT WARNING * * *
You barely miss the water moccasin zombie.
The water moccasin zombie is lightly damaged.
The water moccasin zombie bites you but does no damage.
The water moccasin zombie barely misses you.
You hit the water moccasin zombie.
The water moccasin zombie is lightly damaged.
The water moccasin zombie bites you.
* * * LOW HITPOINT WARNING * * *
You hit the water moccasin zombie.
The water moccasin zombie is moderately damaged.
The water moccasin zombie bites you.
* * * LOW HITPOINT WARNING * * *
You hit the water moccasin zombie.
The water moccasin zombie is moderately damaged.
The water moccasin zombie barely misses you.
The water moccasin zombie bites you but does no damage.
You hit the water moccasin zombie.
The water moccasin zombie is moderately damaged.
The water moccasin zombie bites you but does no damage.
You hit the water moccasin zombie.
The water moccasin zombie is heavily damaged.
The water moccasin zombie bites you but does no damage.
You barely miss the water moccasin zombie.
The water moccasin zombie is heavily damaged.
The water moccasin zombie closely misses you. x2
You barely miss the water moccasin zombie.
The water moccasin zombie is heavily damaged.
The water moccasin zombie bites you but does no damage.
You whack the water moccasin zombie!
The water moccasin zombie is severely damaged.
The water moccasin zombie bites you but does no damage.
You hit the water moccasin zombie.
The water moccasin zombie is severely damaged.
The water moccasin zombie bites you but does no damage.
You hit the water moccasin zombie.
The water moccasin zombie is severely damaged.
The water moccasin zombie bites you.
You die...

#.##.#..###..#... ..
#....#........... ...
##...............
....####.....#.........#
....#.#......#..........
..........o..#....#.....
..................###...
...........#.......##...
..##..Z@...##..##...#...
.....(.........###)##...
#...(#.#.##.#.###..##.##
....####....#.###..##...
..............#.P.P.....
(..............##.##....
..............P#...#P...
.................>....#.
.........##...P#...#P###


You could see an orc and a water moccasin zombie.

Vanquished Creatures
  A black bear (D:3)
  4 crimson imps (D:4)
  A hound (D:2)
  Terence (D:2)
  4 adders
  A dart slug (D:1)
  An orc (D:3)
  8 endoplasms
  A giant cockroach (D:2)
  9 goblins
  8 hobgoblins
  5 kobolds (D:2)
  8 quokkas
  7 ball pythons
  7 bats
  4 frilled lizards
  5 rats
75 creatures vanquished.

Vanquished Creatures (others)
  A plant (D:3)
1 creature vanquished.

Grand Total: 76 creatures vanquished

Notes
Turn   | Place    | Note
-------+----------+-------------------------------------------
     0 | D:1      | hashsling the Merfolk Ice Elementalist began the quest for
                  | the Orb.
     0 | D:1      | Reached XP level 1. HP: 13/13 MP: 3/3
   287 | D:1      | Reached XP level 2. HP: 20/20 MP: 3/5
   292 | D:1      | Reached skill level 1 in Fighting
   789 | D:1      | Reached XP level 3. HP: 26/26 MP: 4/6
  1008 | D:2      | Learned a level 3 spell: Ozocubu's Armour
  1209 | D:2      | Reached skill level 5 in Ice Magic
  1209 | D:2      | Reached XP level 4. HP: 30/33 MP: 3/7
  1213 | D:2      | Learned a level 3 spell: Frozen Ramparts
  1768 | D:2      | Noticed Terence
  1773 | D:2      | Killed Terence
  1774 | D:2      | Reached XP level 5. HP: 31/40 MP: 4/8
  2154 | D:3      | Noticed a black bear
  2170 | D:3      | Killed a black bear
  2171 | D:3      | Reached skill level 6 in Ice Magic
  2369 | D:3      | Noticed a small abomination
  2371 | D:3      | Found a transporter.
  2377 | D:3      | Found a one-way gate to the infinite horrors of the Abyss.
  2377 | D:3      | Noticed ytrimaz's ghost (amateur OpTm)
  2396 | D:3      | Reached XP level 6. HP: 48/48 MP: 9/9
  2565 | D:3      | Found a transporter.
  2570 | D:3      | Noticed a small abomination
  2952 | D:3      | Found a faded altar of an unknown god.
  2998 | D:4      | Found a staircase to the Ecumenical Temple.
  3111 | Temple   | Entered the Ecumenical Temple
  3245 | Temple   | Became a worshipper of Vehumet
  3342 | D:4      | Found a shimmering altar of Xom.
  3377 | D:4      | Reached skill level 7 in Ice Magic
  3460 | D:4      | Noticed Natasha
  3497 | D:4      | HP: 1/48 [water moccasin zombie (6)]
  3505 | D:4      | Slain by a water moccasin zombie

Illustrated notes

Levels and vault maps discovered:
D:1:      dpeg_arrival_rhombi, layout_loops_ring
D:2:      layout_basic, serial_glass, glass_columns_b, glass_columns_b,
          minmay_pentomino_w4, uniq_terence
D:3:      layout_loops_ring, dilly_ecumenical_altar_fadedgnrine,
          gammafunk_ghost_abyssal_escape
D:4:      layout_cave_pools, led_xom_imps, nicolae_gozag_zags_fifth_avenue,
          minmay_temple_entry_gardened_gates, ebering_ghost_rock_garden,
          uniq_grinder, uniq_natasha
Temple:   minmay_temple_bridge_abc

Skill      XL: |  1  2  3  4  5  6 |
---------------+-------------------+-----
Dodging        | 3 4 |  4.0
Fighting       | 1 2 3 4 |  4.0
Ice Magic      | 5 6 7 |  7.0
Stealth        | |  2.1
Spellcasting   | |  2.0

Action                   |  1- 3 |  4- 6 || total
-------------------------+-------+-------++-------
Melee: Unarmed           |    12 |       ||    12
       Mace              |       |    22 ||    22
       Punch             |       |     1 ||     1
       Whip              |       |    17 ||    17
Throw: Dart              |    77 |   116 ||   193
 Cast: Freeze            |    31 |    38 ||    69
       Ozocubu's Armour  |       |     3 ||     3
Armor: Robe              |     3 |    27 ||    30
Dodge: Dodged            |    16 |    67 ||    83

Table legend: (Time is in decaauts)
 A = Elapsed time spent in this place.
 B = Non-inter-level travel time spent in this place.
 C = Inter-level travel time spent in this place.
 D = Time resting spent in this place.
 E = Time spent auto-exploring this place.
 F = Levels seen in this place.
 G = Mean time per level.
                   A        B        C        D        E       F      G
               +--------+--------+--------+--------+--------+-----+--------+
         Total |   3481 |   3409 |     72 |     14 |   2669 |   5 |  696.2 |
       Dungeon |   3367 |   3316 |     51 |     14 |   2604 |   4 |  841.8 |
        Temple |    114 |     93 |     21 |      0 |     65 |   1 |  114.0 |
               +--------+--------+--------+--------+--------+-----+--------+

Top non-repeatable levels by time:
     D:3: 1089 daAuts
     D:1: 959 daAuts
     D:2: 958 daAuts
     D:4: 359 daAuts
  Temple: 114 daAuts
